 Dungeon Crawl Stone Soup version 0.31.0-9-g3a7656b989 (webtiles) character file.

Game seed: 15407016857048679771

851 qw the Shooter (level 7, -4/35 HPs)
             Began as a Spriggan Hunter on Feb 2, 2024.
             Slain by a gnoll sergeant
             ... wielding a +2 spear of venom
              (11 damage)
             ... on level 5 of the Dungeon.
             The game lasted 00:00:17 (3747 turns).

qw the Shooter (Spriggan Hunter)                    Turns: 3747, Time: 00:00:17

Health: -4/35      AC:  2    Str:  7    XL:     7   Next: 69%
Magic:  8/8        EV: 22    Int: 11    God:
Gold:   182        SH:  0    Dex: 20    Spells: 6/6 levels left

rFire   . . .        a - +0 shortbow
rCold   . . .        (shield currently unavailable)
rNeg    . . .        c - +0 robe
rPois   .            (helmet restricted)
rElec   .            (no cloak)
rCorr   .            (gloves unavailable)
SInv    +            (boots unavailable)
Will    ++...        f - amulet of regeneration
Stlth   ++           g - ring of willpower
HPRegen 1.05/turn    (no ring)
MPRegen 0.11/turn

%: no passive effects
@: lethally poisoned (-4 -> -4), about to teleport, very quick
A: very small, no large weapons, unfitting armour, see invisible, speed 3
a: no special abilities


You were on level 5 of the Dungeon.
You visited 1 branch of the dungeon, and saw 5 of its levels.
You also visited: Sewer.

You collected 329 gold pieces.
You spent 147 gold pieces at shops.


Innate Abilities, Weirdness & Mutations

You are very small and have problems with some larger weapons.
You are too small for most types of armour.
You have supernaturally acute eyesight. (SInv)
You cover ground extremely quickly. (Speed+++)


   Skills:
 - Level 2.5 Fighting
 + Level 7.6 Ranged Weapons
 - Level 7.3 Dodging
 - Level 1.5 Stealth


You had 6 spell levels left.
You didn't know any spells.
Your spell library was empty.

Inventory:

Hand Weapons
 a - a +0 shortbow (weapon)
Armour
 c - a +0 robe (worn)
 l - the +2 robe "Ephit" {Archmagi}
   (You found it on level 5 of the Dungeon)

   Archmagi:  It increases the power of your magical spells.
Jewellery
 f - an amulet of regeneration (around neck)
 g - a ring of willpower (left hand)
 h - an amulet of magic regeneration
 m - a +5 ring of evasion
Scrolls
 d - 2 scrolls of teleportation
 i - 2 scrolls of enchant armour
 j - a scroll of identify
Potions
 b - a potion of heal wounds
 e - 3 potions of curing
 k - a potion of berserk rage {unknown}

Dungeon Overview and Level Annotations

Branches:
Dungeon (5/15)              Sewer (visited)
 Temple: D:4-7

Altars:
Gozag

Shops:
D:2 *   D:3 ?

Annotations:
D:3 3 runed translucent doors, qw's ghost, amateur SpHu


Message History

Enter note:
Enter note:
Enter note:
3737 ||| RETREEEEATING.
You shoot an arrow. The arrow hits the gnoll.
The gnoll is heavily wounded.
The gnoll completely misses you.
You shoot an arrow. The arrow hits the gnoll.
You kill the gnoll!
You shoot an arrow. The arrow hits the gnoll sergeant!
The gnoll sergeant is moderately wounded.
The gnoll sergeant hits you from afar with a +2 spear of venom.
You shoot an arrow.
The arrow hits the gnoll but does no damage.
The gnoll sergeant hits you from afar with a +2 spear of venom.
You are poisoned.
The gnoll completely misses you.
You shoot an arrow. The arrow hits the gnoll!
The gnoll is almost dead.
You feel sick. The gnoll hits you with a +0 flail!
The gnoll sergeant hits you but does no damage.
You are more poisoned.
The gnoll hits you from afar with a +0 spear.
3744 ||| RETREEEEATING.
You feel sick. The gnoll attacks as it pursues you!
The gnoll closely misses you.
You shoot an arrow. The arrow hits the gnoll.
The gnoll is heavily wounded.
You feel very sick. The gnoll misses you.
The gnoll sergeant closely misses you.
You shoot an arrow.
The arrow hits the gnoll but does no damage.
The gnoll is heavily wounded.
You feel sick. The gnoll misses you. The gnoll sergeant misses you.
3747 ||| READING 3 scrolls of teleportation.
As you read the scroll of teleportation, it crumbles to dust.
You feel strangely unstable.
You feel sick. The gnoll closely misses you.
The gnoll sergeant hits you from afar with a +2 spear of venom!
You die...

..............##.#.######.#
..........................#
........#....###.#.########
........#..................
........#....#.#.#.########
........# #.#.#.# ........#
# #.#.# ........# #.#.#
........ #@#.# .......
#g#.# ......gg...#
......g.#..# ...........#
.#....... .# ##..#.....#
...##.#. # ###. .....


You could see a gnoll sergeant and 3 gnolls.

Vanquished Creatures
  Menkaure (D:4)
  2 ogres (D:4)
  2 scorpions (D:4)
  2 bullfrogs (Sewer)
  A bombardier beetle (D:3)
  A hound (D:4)
  10 adders
  A gnoll (D:5)
  A river rat (D:4)
  16 dart slugs
  A ribbon worm (D:2)
  An orc (D:3)
  11 endoplasms
  12 giant cockroaches
  9 goblins
  8 hobgoblins
  4 jackals (D:3)
  4 kobolds
  2 quokkas
  17 ball pythons
  3 bats
  13 frilled lizards
  6 rats
128 creatures vanquished.

Notes
Turn   | Place    | Note
-------+----------+-------------------------------------------
     0 | D:1      | qw the Spriggan Hunter began the quest for the Orb.
     0 | D:1      | Reached XP level 1. HP: 10/10 MP: 2/2
     0 | D:1      | 0 ||| qw: Version: 0.3-a-155-g5e7d8dd
     0 | D:1      | 0 ||| qw: Game counter: 2820
     0 | D:1      | 0 ||| qw: Melee chars always use a shield: true
     0 | D:1      | 0 ||| qw: God list: Okawaru
     0 | D:1      | 0 ||| qw: Allow faded altars: false
     0 | D:1      | 0 ||| qw: Do Orc after clearing Dungeon:15 true
     0 | D:1      | 0 ||| qw: Do second Lair branch before Depths: true
     0 | D:1      | 0 ||| qw: Lair rune preference: random
     0 | D:1      | 0 ||| qw: Goals: Normal
     0 | D:1      | 0 ||| PLANNING D:1-11
    22 | D:1      | Reached skill level 3 in Dodging
    65 | D:1      | Reached XP level 2. HP: 14/14 MP: 3/3
    70 | D:1      | Found a faded altar of an unknown god.
   618 | D:1      | Reached XP level 3. HP: 9/18 MP: 4/4
   858 | D:1      | 858 ||| READING 2 scrolls labelled NIFEAC SAECH.
   858 | D:1      | 858 ||| IDENTIFYING scroll labelled HEBBEU PUNAN
   859 | D:1      | 859 ||| READING scroll of identify.
   859 | D:1      | 859 ||| IDENTIFYING scroll labelled ACKYXKECIY
   860 | D:1      | 860 ||| DROPPING scroll of butterflies.
   861 | D:1      | 861 ||| DROPPING scroll of blinking.
   862 | D:1      | 862 ||| DROPPING scroll of immolation.
  1203 | D:2      | Found Ukkusk's General Store.
  1223 | D:2      | 1223 ||| BUYING potion of heal wounds (65 gold).
  1223 | D:2      | Bought a potion of heal wounds for 65 gold pieces
  1572 | D:2      | HP: 4/18 [adder (2)]
  1573 | D:2      | 1573 ||| DRINKING 2 potions of heal wounds.
  1578 | D:2      | HP: 4/18 [poisoned by an adder]
  1764 | D:2      | 1764 ||| UPGRADING to amulet of regeneration.
  1769 | D:2      | 1769 ||| READING 2 scrolls of identify.
  1769 | D:2      | 1769 ||| IDENTIFYING 2 gluggy clear potions
  1770 | D:2      | 1770 ||| READING scroll of identify.
  1770 | D:2      | 1770 ||| IDENTIFYING 2 scrolls labelled DYNWYSTRI GUAB
  1843 | D:3      | Reached XP level 4. HP: 22/22 MP: 5/5
  2019 | D:3      | Found Qusosy's Magic Scroll Boutique.
  2031 | D:3      | 2031 ||| BUYING scroll of enchant armour (82 gold).
  2031 | D:3      | Bought a scroll of enchant armour for 82 gold pieces
  2061 | D:3      | Found a runed translucent gate.
  2061 | D:3      | Found a runed translucent gate.
  2061 | D:3      | Found a runed translucent gate.
  2064 | D:3      | Found an opulent altar of Gozag.
  2067 | D:3      | Noticed qw's ghost (amateur SpHu)
  2368 | D:3      | 2368 ||| UPGRADING to ring of willpower.
  2369 | D:3      | 2369 ||| READING scroll of identify.
  2369 | D:3      | 2369 ||| IDENTIFYING sedimented grey potion
  2370 | D:3      | 2370 ||| READING scroll labelled QASUODDOWKO.
  2471 | D:3      | 2471 ||| DROPPING potion of brilliance.
  2493 | D:4      | 2493 ||| PLANNING SEWER
  2493 | D:4      | Noticed a scorpion
  2503 | D:4      | Killed a scorpion
  2504 | D:4      | Reached XP level 5. HP: 23/27 MP: 6/6
  2766 | D:4      | Noticed Menkaure
  2774 | D:4      | Killed Menkaure
  2775 | D:4      | Reached skill level 6 in Ranged Weapons
  2775 | D:4      | Reached XP level 6. HP: 32/32 MP: 7/7
  2841 | D:4      | Reached skill level 6 in Dodging
  3021 | D:4      | Reached XP level 7. HP: 35/35 MP: 8/8
  3049 | D:4      | Found a glowing drain.
  3068 | D:4      | 3068 ||| READING scroll of identify.
  3068 | D:4      | 3068 ||| IDENTIFYING fuming purple potion
  3069 | D:4      | 3069 ||| DROPPING potion of attraction.
  3074 | Sewer    | Entered a sewer
  3354 | Sewer    | 3354 ||| DROPPING +6 ring of intelligence.
  3369 | D:4      | 3369 ||| PLANNING D:1-11
  3602 | D:5      | Entered Level 5 of the Dungeon
  3662 | D:5      | Identified the +2 robe "Ephit" {Archmagi}
  3737 | D:5      | 3737 ||| RETREEEEATING.
  3744 | D:5      | 3744 ||| RETREEEEATING.
  3746 | D:5      | HP: 8/35 [poisoned by a gnoll sergeant]
  3747 | D:5      | 3747 ||| READING 3 scrolls of teleportation.
  3747 | D:5      | Slain by a gnoll sergeant

Levels and vault maps discovered:
D:1:      lordsloth_arrival_two_stooges, layout_basic, serial_curves,
          eino_curves_04, eino_curves_04, eino_curves_01,
          shapermc_ecumenical_altar_mp_ritualfount
D:2:      layout_loops_corners, serial_shops, shop_coins
D:3:      layout_basic, ebering_ghost_gozag, serial_shops, shop,
          minmay_misc_feat_doors, kennysheep_generic_room_11
D:4:      layout_loops_ring, mainiacjoe_sewer_entry_somewhere_in_here_1,
          uniq_menkaure
D:5:      layout_basic, amcnicky_altar_gilded, kennysheep_mini

Skill      XL: |  1  2  3  4  5  6  7 |
---------------+----------------------+-----
Dodging        | 3 4 5 6 7 |  7.3
Ranged Weapons | 5 6 7 |  7.6
Fighting       | 2 |  2.5
Stealth        | |  1.5

Action                     |  1- 3 |  4- 6 |  7- 9 || total
---------------------------+-------+-------+-------++-------
   Fire: Shortbow          |   108 |   149 |   174 ||   431
    Use: Scroll            |     4 |     2 |     2 ||     8
         Potion            |     1 |       |       ||     1
 Armour: Robe              |    18 |     7 |    31 ||    56
  Dodge: Dodged            |    35 |    35 |    93 ||   163

Table legend:
 A = Non-vault XP
 B = Vault XP
 C = Vault XP percentage of total XP
 D = Non-vault monster count
 E = Vault monster count
 F = Vault count percentage of total count
                 A         B        C        D         E       F
            +---------+---------+-------+---------+---------+-------
      Total |     721 |     495 |  40.7 |      78 |      50 |  39.1
            +---------+---------+-------+---------+---------+-------
        D:1 |      41 |       0 |   0.0 |      23 |       0 |   0.0
        D:2 |      44 |       0 |   0.0 |       9 |       0 |   0.0
        D:3 |      88 |       1 |   1.1 |      19 |       1 |   5.0
        D:4 |     531 |     202 |  27.6 |      25 |       7 |  21.9
        D:5 |      17 |       0 |   0.0 |       2 |       0 |   0.0
      Sewer |       0 |     292 | 100.0 |       0 |      42 | 100.0
            +---------+---------+-------+---------+---------+-------
